 Dungeon Crawl Stone Soup version 0.25-a0-1036-g6f112fb28d (webtiles) character file.

Game seed: 10873886790553847739, levelgen mode: deterministic

249 Essalna the Magician (level 6, -2/44 HPs)
             Began as a Gnoll Wizard on May 13, 2020.
             Slain by a bullfrog skeleton (6 damage)
             ... on level 4 of the Dungeon.
             The game lasted 00:05:53 (2805 turns).

Essalna the Magician (Gnoll Wizard)                 Turns: 2805, Time: 00:05:54

Health: -2/44      AC:  6    Str: 10    XL:     6   Next: 12%
Magic:  4/16       EV: 10    Int: 22    God:
Gold:   120        SH:  0    Dex: 13    Spells: 18/19 levels left

rFire    . . .     SeeInvis .   q - +2 hand axe (vamp)
rCold    . . .     Gourm    .   (no shield)
rNeg     . . .     Faith    .   s - +0 scale mail
rPois    .         Spirit   .   b - +0 hat
rElec    .         Reflect  .   (no cloak)
rCorr    .         Harm     .   (no gloves)
MR       .....                  (no boots)
Stlth    +.........             (no amulet)
HPRegen  0.14/turn              (no ring)
MPRegen  0.15/turn              (no ring)

@: very slightly contaminated, drained
A: distributed training, fangs 1, strong nose
a: no special abilities


You were on level 4 of the Dungeon.
You were not hungry.

You visited 1 branch of the dungeon, and saw 4 of its levels.

You collected 120 gold pieces.

Inventory:

Hand Weapons
 g - a +3 dagger of draining
 q - a +2 vampiric hand axe (weapon)
Missiles
 f - 7 atropa-tipped darts (quivered)
Armour
 a - a +0 robe
 b - a +0 hat (worn)
 m - a +0 ring mail
 s - a +0 scale mail (worn)
Scrolls
 h - 4 scrolls of identify {unknown}
 i - 3 scrolls of immolation {unknown}
 k - a scroll of magic mapping {unknown}
 l - 2 scrolls of teleportation {unknown}
 n - 4 scrolls of enchant weapon {unknown}
 o - 2 scrolls of remove curse {unknown}
 p - a scroll of blinking {unknown}
Potions
 c - a potion of degeneration {unknown}
 e - a potion of invisibility {unknown}
 j - 2 potions of curing {unknown}
 r - a potion of haste {unknown}
 t - a potion of might {unknown}
 u - 2 potions of heal wounds {unknown}
 w - a potion of ambrosia {unknown}
Comestibles
 d - 4 rations


   Skills:
 + Level 1.8(1.0) Fighting
 + Level 1.8(1.0) Short Blades
 + Level 1.8(1.0) Long Blades
 + Level 1.8(1.0) Axes
 + Level 1.8(1.0) Maces & Flails
 + Level 1.8(1.0) Polearms
 + Level 1.8(1.0) Staves
 + Level 1.8(1.0) Slings
 + Level 1.8(1.0) Bows
 + Level 1.8(1.0) Crossbows
 + Level 1.8(1.0) Throwing
 + Level 1.8(1.0) Armour
 + Level 4.9(4.1) Dodging
 + Level 4.5(3.7) Stealth
 + Level 1.8(1.0) Shields
 + Level 1.8(1.0) Unarmed Combat
 + Level 7.3(6.5) Spellcasting
 + Level 2.5(1.8) Conjurations
 + Level 1.4(0.6) Hexes
 + Level 1.4(0.6) Charms
 + Level 2.5(1.8) Summonings
 + Level 1.4(0.6) Necromancy
 + Level 2.5(1.8) Translocations
 + Level 1.4(0.6) Transmutations
 + Level 1.4(0.6) Fire Magic
 + Level 1.4(0.6) Ice Magic
 + Level 1.4(0.6) Air Magic
 + Level 1.4(0.6) Earth Magic
 + Level 1.4(0.6) Poison Magic
 + Level 2.0(1.2) Invocations
 + Level 1.8(1.0) Evocations


You had 18 spell levels left.
You knew the following spells:

 Your Spells              Type           Power        Failure   Level  Hunger
a - Magic Dart            Conj           ###.         28%         1    None

Your spell library contained the following spells:

 Spells                   Type           Power        Failure   Level  Hunger
 Blink                    Tloc           N/A          41%         2    None
 Call Imp                 Summ           ###.....     41%         2    None
 Slow                     Hex            ##......     56%         2    None
 Conjure Flame            Conj/Fire      ##......     73%         3    #......
 Mephitic Cloud           Conj/Pois/Air  ##......     75%         3    #......


Dungeon Overview and Level Annotations

Branches:
Dungeon (4/15)
 Temple: D:4-7

Altars:


Innate Abilities, Weirdness & Mutations

Your experience applies equally to all skills.
You have very sharp teeth.
Your uncanny sense of smell can sniff out nearby items.


Message History

The bullfrog skeleton hits you.
* * * LOW HITPOINT WARNING * * *
The bullfrog skeleton hits you but does no damage.
Casting: Magic Dart (safe; 28% risk of failure)
Confirm with . or Enter, or press ? or * to list all spells.
Aiming: Magic Dart (safe; 28% risk of failure)
Press: ? - help, Shift-Dir - straight line, f/p - bullfrog skeleton
Aim: a bullfrog skeleton (severely damaged)
You miscast Magic Dart.
You are very lightly contaminated with residual magic.
Nothing appears to happen.
The bullfrog skeleton hits you but does no damage.
Casting: Magic Dart (safe; 28% risk of failure)
Confirm with . or Enter, or press ? or * to list all spells.
Aiming: Magic Dart (safe; 28% risk of failure)
Press: ? - help, Shift-Dir - straight line, f/p - bullfrog skeleton
Aim: a bullfrog skeleton (severely damaged)
You miscast Magic Dart.
Nothing appears to happen.
The bullfrog skeleton hits you.
You die...

.. .... ####.# ...:...
...#.## ........)#....#
#...#....$....#
#.?..........#
#..[..#).....#. ..
#...)#Z....... ..#
#".#...)@..?[..# #..#
#...........#..# ...#
#..##..........##...# ∆
#.##.......##.......#
...........# ##....##
#..........####......#
#..##.................
#..##......###....[... #
#.####..##........#....##..


You could see a bullfrog skeleton.

Vanquished Creatures
  2 orc priests (D:4)
  2 worker ants (D:4)
  5 adders
  An ooze (D:1)
  3 dart slugs
  2 worms (D:2)
  3 leopard geckos
  2 orcs (D:4)
  3 ball pythons
  6 bats
  4 giant cockroaches
  12 hobgoblins
  4 jackals (D:1)
  A quokka (D:2)
  7 frilled lizards
  8 goblins
  6 kobolds
  A leopard gecko skeleton (D:4)
  12 rats
84 creatures vanquished.

Notes
Turn   | Place    | Note
-------+----------+-------------------------------------------
     0 | D:1      | Essalna the Gnoll Wizard began the quest for the Orb.
     0 | D:1      | Reached XP level 1. HP: 13/13 MP: 8/8
   184 | D:1      | Reached XP level 2. HP: 19/19 MP: 8/10
   525 | D:1      | Reached XP level 3. HP: 24/25 MP: 4/11
   909 | D:1      | Reached skill level 1 in Invocations
  1252 | D:2      | Reached skill level 1 in Fighting
  1252 | D:2      | Reached skill level 1 in Short Blades
  1252 | D:2      | Reached skill level 1 in Long Blades
  1252 | D:2      | Reached skill level 1 in Axes
  1252 | D:2      | Reached skill level 1 in Maces & Flails
  1252 | D:2      | Reached skill level 1 in Polearms
  1252 | D:2      | Reached skill level 1 in Staves
  1252 | D:2      | Reached skill level 1 in Slings
  1252 | D:2      | Reached skill level 1 in Bows
  1252 | D:2      | Reached skill level 1 in Crossbows
  1252 | D:2      | Reached skill level 1 in Throwing
  1252 | D:2      | Reached skill level 1 in Armour
  1252 | D:2      | Reached skill level 1 in Shields
  1252 | D:2      | Reached skill level 1 in Unarmed Combat
  1252 | D:2      | Reached skill level 1 in Evocations
  1271 | D:2      | Reached XP level 4. HP: 32/32 MP: 4/13
  1881 | D:3      | Reached skill level 1 in Hexes
  1881 | D:3      | Reached skill level 1 in Charms
  1881 | D:3      | Reached skill level 1 in Necromancy
  1881 | D:3      | Reached skill level 1 in Transmutations
  1881 | D:3      | Reached skill level 1 in Fire Magic
  1881 | D:3      | Reached skill level 1 in Ice Magic
  1881 | D:3      | Reached skill level 1 in Air Magic
  1881 | D:3      | Reached skill level 1 in Earth Magic
  1881 | D:3      | Reached skill level 1 in Poison Magic
  2146 | D:3      | Reached XP level 5. HP: 37/37 MP: 14/14
  2797 | D:4      | Reached XP level 6. HP: 15/44 MP: 9/16
  2805 | D:4      | Slain by a bullfrog skeleton

Illustrated notes

Levels and vault maps discovered:
D:1:      shiori_arrival_oz, layout_rooms, chequers_arboretum,
          minmay_stone_trees_medium
D:2:      layout_rooms, first_ration
D:3:      layout_rooms
D:4:      layout_cave_pools, old_standard_altar, lemuel_crystal_altar,
          gammafunk_temple_overflow_wave, serial_shops,
          nicolae_shop_behind_doors, minmay_small_thing

Skill      XL: |  1  2  3  4  5 |
---------------+----------------+-----
Conjurations   | 2 |  2.5
Summonings     | 2 |  2.5
Translocations | 2 |  2.5
Invocations    | 1 2 |  2.0
Fighting       | 1 |  1.8
Short Blades   | 1 |  1.8
Long Blades    | 1 |  1.8
Axes           | 1 |  1.8
Maces & Flails | 1 |  1.8
Polearms       | 1 |  1.8
Staves         | 1 |  1.8
Slings         | 1 |  1.8
Bows           | 1 |  1.8
Crossbows      | 1 |  1.8
Throwing       | 1 |  1.8
Armour         | 1 |  1.8
Shields        | 1 |  1.8
Unarmed Combat | 1 |  1.8
Evocations     | 1 |  1.8
Hexes          | 1 |  1.4
Charms         | 1 |  1.4
Necromancy     | 1 |  1.4
Transmutations | 1 |  1.4
Fire Magic     | 1 |  1.4
Ice Magic      | 1 |  1.4
Air Magic      | 1 |  1.4
Earth Magic    | 1 |  1.4
Poison Magic   | 1 |  1.4
Dodging        | |  4.9
Stealth        | |  4.5
Spellcasting   | |  7.3

Action                   |  1- 3 |  4- 6 || total
-------------------------+-------+-------++-------
Melee: Dagger            |    22 |       ||    22
       Bite              |     2 |     8 ||    10
       Hand axe          |       |   107 ||   107
 Cast: Magic Dart        |    79 |    43 ||   122
 Stab: Sleeping          |       |     1 ||     1
  Eat: Chunk             |     1 |     5 ||     6
Armor: Robe              |     1 |       ||     1
       Ring mail         |       |    28 ||    28
       Scale mail        |       |    26 ||    26
Dodge: Dodged            |    12 |    92 ||   104

Table legend:
 A = Non-vault XP
 B = Vault XP
 C = Vault XP percentage of total XP
 D = Non-vault monster count
 E = Vault monster count
 F = Vault count percentage of total count
                 A         B        C        D         E       F
            +---------+---------+-------+---------+---------+-------
      Total |     353 |       4 |   1.1 |      82 |       2 |   2.4
            +---------+---------+-------+---------+---------+-------
        D:1 |      58 |       4 |   6.5 |      31 |       2 |   6.1
        D:2 |      66 |       0 |   0.0 |      21 |       0 |   0.0
        D:3 |      56 |       0 |   0.0 |      21 |       0 |   0.0
        D:4 |     173 |       0 |   0.0 |       9 |       0 |   0.0
            +---------+---------+-------+---------+---------+-------
